AoeStats
← flynorc

Nomad

507090258Analyzed
2v2 RM · 16d ago on Sep 16, 2026· 37m 31s· 4 players
Game mode
Random Map
Map size
176×176
Population
200
Speed
Normal
Resources
Standard
Victory
Conquest
Starting age
Dark Age
Ending age
Imperial Age
RankedLock teamsTeams togetherTeam positionsShared explorationLock speedFull tech treeHidden civsTurbo modeCheats
Victory
Defeat
1524
+14
🇩🇪 Inca · Germany
1495
+16
🇩🇪 Khmer · Germany
1544
-17
🇦🇹 Vietnamese · Austria
1434
-13
[DDocs] Dr.Rollstuhl - Twitch
4:52 Loom
14:10 Feudal Age
14:47 Fishing Lines
15:40 Fishing Lines
18:13 Castle Age
16:12 Horse Collar
17:15 Scale Mail Armor
17:26 Forging
17:11 Stone Mining
17:14 Gold Mining
17:35 Double-Bit Axe
19:05 Bow Saw
18:36 Horse Collar
19:19 Chain Mail Armor
26:23 Wheelbarrow
26:24 Iron Casting
27:44 Hand Cart
28:35 Fletching
29:31 Bodkin Arrow
37:40 Arson
37:56 Squires
[DDocs] Dr.Klappstuhl
4:44 Loom
14:02 Feudal Age
14:45 Double-Bit Axe
15:29 Fletching
20:01 Castle Age
20:25 Demolition Ship
20:47 Fishing Lines
22:13 Medium Warships
24:54 Bow Saw
24:28 Horse Collar
26:41 Bodkin Arrow
29:23 Town Watch
flynorc
5:02 Loom
15:42 Feudal Age
19:21 Castle Age
18:35 Fletching
19:15 Fishing Lines
19:53 Forging
19:44 Double-Bit Axe
20:17 Medium Warships
20:32 Bow Saw
20:44 Bodkin Arrow
23:27 Gillnets
27:03 Careening
27:03 Clinker Construction
28:34 Wheelbarrow
30:30 Ballistics
40:04 Imperial Age
RagnarLogbrok
3:17 Loom
13:57 Feudal Age
17:16 Castle Age
15:07 Double-Bit Axe
16:45 Fishing Lines
17:23 Bloodlines
18:51 Scale Barding Armor
23:51 Light Cavalry
26:45 Gillnets
27:48 Wheelbarrow
29:26 Horse Collar
31:06 Stone Mining
31:38 Heavy Plow
32:20 Bow Saw
Connection lost

Rejoining the realm…

Still unreachable

The connection could not be restored.

Session expired

The server has moved on; the page needs a fresh start.